 Dungeon Crawl Stone Soup version 0.30-a0-722-g3e6e8c874d (webtiles) character file.

Game seed: 13205179397238731331

104 jimonade the Covert (level 4, 0/26 HPs)
             Began as a Vampire Brigand on Jan 28, 2023.
             Slain by a kobold brigand
             ... wielding a +0 club
              (7 damage)
             ... on level 3 of the Dungeon.
             The game lasted 00:06:03 (2393 turns).

jimonade the Covert (Vampire Brigand)               Turns: 2393, Time: 00:06:03

Health: 0/26       AC:  3    Str: 10    XL:     4   Next: 52%
Magic:  4/4        EV: 17    Int: 13    God:
Gold:   54         SH:  0    Dex: 17    Spells: 3/3 levels left

rFire   . . .      SeeInvis +    a - +2 dagger (vamp)
rCold   + + .      Faith    .    (no shield)
rNeg    + + +      Spirit   .    p - +0 robe
rPois   ∞          Reflect  .    (no helmet)
rElec   .          Harm     .    c - +0 cloak
rCorr   .          Rampage  .    (no gloves)
Will    .....                    (no boots)
Stlth   ++++++                   n - amulet of magic regeneration
HPRegen 0.00/turn                v - +5 ring of evasion
MPRegen 0.49/turn                (no ring)

@: bloodless, inhibited regen
A: bloodless, fangs 3, see invisible, vampiric 2
a: Bat Form, Revivify


You were on level 3 of the Dungeon.
You visited 1 branch of the dungeon, and saw 3 of its levels.

You collected 177 gold pieces.
You spent 123 gold pieces at shops.

Inventory:

Hand Weapons
 a - a +2 vampiric dagger (weapon)
 b - a +2 dagger of speed
Missiles
 d - 11 poisoned darts (quivered)
 e - 3 curare-tipped darts
 g - 50 stones
Armour
 c - a +0 cloak (worn)
 f - a +0 ring mail
 m - a +0 leather armour
 p - a +0 robe (worn)
Magical Staves
 q - a staff of death
Jewellery
 n - an amulet of magic regeneration (around neck)
 v - a +5 ring of evasion (left hand)
Scrolls
 h - a scroll of teleportation {unknown}
 k - a scroll of immolation {unknown}
 l - a scroll of enchant weapon {unknown}
 o - 2 scrolls of identify {unknown}
 r - a scroll of butterflies {unknown}
 t - a scroll of silence {unknown}
 u - a scroll of amnesia {unknown}
Potions
 i - 2 potions of brilliance {unknown}
 j - a potion of berserk rage {unknown}
 s - a potion of attraction {unknown}


   Skills:
 + Level 2.2 Fighting
 + Level 2.8 Short Blades
 + Level 1.6 Throwing
 + Level 1.9 Dodging
 + Level 8.0 Stealth


You had 3 spell levels left.
You didn't know any spells.
Your spell library contained the following spells:

 Spells                   Type           Power      Damage    Failure   Level
 Inner Flame              Hex/Fire       0%         N/A       67%         3
 Flame Wave               Conj/Fire      0%         2d4       97%         4
 Sticky Flame             Conj/Fire      0%         2d3       97%         4


Dungeon Overview and Level Annotations

Branches:
Dungeon (3/15)

Altars:

Shops:
D:3 ?

Annotations:
D:3 Grinder


Innate Abilities, Weirdness & Mutations

You do not regenerate when monsters are visible.
You are frail without blood (-20% HP).
You can heal yourself when you bite living creatures.
You are immune to poison.
You have razor-sharp teeth.
You have supernaturally acute eyesight. (SInv)
You are afflicted with vampirism and can become a bat while bloodless.


Message History

You hit the kobold brigand but do no damage.
The kobold brigand hits you with a +0 club.
You hit the kobold brigand but do no damage.
You bite the kobold brigand, but do no damage.
You closely miss the kobold brigand.
The kobold brigand completely misses you.
You hit the kobold brigand but do no damage.
The kobold brigand hits you with a +0 club.
You hit the kobold brigand but do no damage.
You hit the kobold brigand but do no damage.
The kobold brigand closely misses you.
You hit the kobold brigand.
The kobold brigand is moderately wounded.
You feel a bloodthirsty glee!
a - a +2 vampiric dagger (weapon)
The kobold brigand closely misses you.
You barely miss the kobold brigand.
The kobold brigand is moderately wounded.
The kobold brigand hits you with a +0 club.
* * * LOW HITPOINT WARNING * * *
You hit the kobold brigand.
You feel better.
The kobold brigand is moderately wounded.
You hit the kobold brigand but do no damage.
The kobold brigand is moderately wounded.
The kobold brigand misses you.
You barely miss the kobold brigand.
The kobold brigand is moderately wounded.
The kobold brigand hits you with a +0 club.
* * * LOW HITPOINT WARNING * * *
You hit the kobold brigand.
You feel better.
The kobold brigand is heavily wounded.
The kobold brigand barely misses you.
You hit the kobold brigand.
You feel better.
Your bite misses the kobold brigand.
The kobold brigand is severely wounded.
The kobold brigand drinks a potion.
The kobold brigand is healed!
You hit the kobold brigand but do no damage.
You bite the kobold brigand, but do no damage.
The kobold brigand hits you with a +0 club!
You die...

#.#####......#.##.......##
#.##))#.....##.##...))....
#.##(('.....'..##....##...
#.#####.....###......##...
#.#..................##...
#.#........###.........###
#.#....................###
#.#######.................
#.#######@..>.............
#.##...##K..##............
#..............##...######
#..............##......#
##........^...###......#
#....#.......# #......#
#....#...##### #......#
#....#...# ########
##########


You could see a kobold brigand.

Vanquished Creatures
  2 adders (D:2)
  4 orcs
  5 ball pythons
  6 endoplasms
  2 giant cockroaches
  11 hobgoblins
  4 jackals (D:2)
  2 quokkas
  7 bats
  4 frilled lizards
  9 goblins
  11 kobolds
  9 rats
76 creatures vanquished.

Notes
Turn   | Place    | Note
-------+----------+-------------------------------------------
     0 | D:1      | jimonade the Vampire Brigand began the quest for the Orb.
     0 | D:1      | Reached XP level 1. HP: 16/16 MP: 1/1
     8 | D:1      | Reached skill level 6 in Stealth
   160 | D:1      | Reached XP level 2. HP: 17/17 MP: 2/2
   384 | D:1      | Reached skill level 7 in Stealth
   502 | D:1      | Gained mutation: You are afflicted with vampirism and can
                  | become a bat while bloodless. [Vampire growth]
   502 | D:1      | Reached XP level 3. HP: 20/21 MP: 3/3
  1539 | D:2      | Reached XP level 4. HP: 26/26 MP: 4/4
  1695 | D:2      | Found a faded altar of an unknown god.
  2010 | D:3      | Found Fetwav's Magic Scroll Shoppe.
  2018 | D:3      | Bought a scroll of brand weapon for 123 gold pieces
  2169 | D:3      | Noticed Grinder
  2315 | D:3      | Reached skill level 8 in Stealth
  2337 | D:3      | Noticed a kobold brigand
  2393 | D:3      | Slain by a kobold brigand

Illustrated notes

Levels and vault maps discovered:
D:1:      dpeg_arrival_morbid_curiosity, layout_basic
D:2:      layout_rooms, hellmonk_ecumenical_altar_defaced_shrine
D:3:      cheibrodos_thug_alley, layout_basic, tso_oasis_becter, serial_shops,
          nicolae_shop_crystal, supply_closet_lemuel, uniq_grinder

Skill      XL: |  1  2  3  4 |
---------------+-------------+-----
Stealth        | 6 7 8 |  8.0
Fighting       | 2 |  2.2
Short Blades   | |  2.8
Throwing       | |  1.6
Dodging        | |  1.9

Action                     |  1- 3 |  4- 6 || total
---------------------------+-------+-------++-------
  Melee: Dagger            |   119 |    99 ||   218
         Bite              |    10 |     5 ||    15
         Punch             |       |     1 ||     1
Ability: Exsanguinate      |     1 |       ||     1
    Use: Scroll            |       |     1 ||     1
   Stab: Sleeping          |    20 |     6 ||    26
 Armour: Robe              |    33 |     8 ||    41
  Dodge: Dodged            |    84 |    55 ||   139

Table legend: (Time is in decaauts)
 A = Elapsed time spent in this place.
 B = Non-inter-level travel time spent in this place.
 C = Inter-level travel time spent in this place.
 D = Time resting spent in this place.
 E = Time spent auto-exploring this place.
 F = Levels seen in this place.
 G = Mean time per level.
                   A        B        C        D        E       F      G
               +--------+--------+--------+--------+--------+-----+--------+
         Total |   2335 |   2246 |     89 |    258 |   1364 |   3 |  778.3 |
       Dungeon |   2335 |   2246 |     89 |    258 |   1364 |   3 |  778.3 |
               +--------+--------+--------+--------+--------+-----+--------+

Top non-repeatable levels by time:
     D:1: 1022 daAuts
     D:2: 858 daAuts
     D:3: 454 daAuts
